Map: 사이버 포레스트 - 래더

Players

Ragnarok (SHIN) - Winner!

  • Race: Zerg Zerg
  • Spawn Location: 5:00

Solar

  • Race: Zerg Zerg
  • Spawn Location: 11:00

Event: IEM Season 13: Katowice (2019)

VOD

Have the link to the VOD?

Description

Time

  • Played on: March 1, 2019, 9:38 a.m.
  • Length: 15:55

All games in this series

Show
View Real Time Build Order
Export as new Build Order

Ragnarok Zerg - Winner!

Build Orders: Pool First 

Get SALT Encoding   

  12  0:17  Spawning Pool  
  11  0:22  Drone  
  11  0:27  Drone  
  13  0:32  Drone  
  14  0:40  Overlord  
  14  1:04  Zergling x4  
  16  1:05  Zergling x2  
  17  1:16  Zergling x2  
  18  1:20  Hatchery  
  17  1:27  Zergling x2  
  18  1:34  Queen  
  18  1:38  Zergling x2  
  21  1:50  Zergling x2  
  22  1:59  Overlord  
  22  2:17  Queen  
  22  2:21  Drone x2  
  24  2:31  Drone  
  24  2:33  Drone  
  23  2:39  Queen  
  23  2:42  Drone  
  23  2:43  Drone  
  26  2:44  Drone  
  26  2:45  Drone  
  26  2:48  Drone  
  29  2:53  Drone  
  30  2:59  Drone  
  30  3:03  Queen  
  33  3:12  Zergling x2, Drone  
  34  3:15  Drone  
  34  3:18  Drone  
  36  3:20  Overlord  
  36  3:24  Evolution Chamber  
  36  3:26  Drone  
  36  3:33  Overlord  
  36  3:38  Drone x2  
  36  3:39  Drone x2  
  40  3:43  Extractor  
  40  3:44  Extractor  
  40  3:46  Extractor  
  37  3:49  Roach Warren  
  37  3:50  Drone  
  37  3:53  Drone  
  37  3:55  Drone  
  39  3:57  Drone  
  39  4:00  Drone  
  39  4:01  Drone  
  42  4:03  Drone  
  42  4:06  Drone  
  44  4:11  Overlord  
  44  4:13  Drone  
  44  4:15  Drone  
  45  4:18  Drone  
  46  4:26  Lair  
  46  4:27  Drone  
  47  4:32  Drone x3  
  47  4:38  Zerg Missile Weapons Level 1  
  50  4:42  Overlord  
  50  4:47  Roach x2  
  54  4:56  Hatchery  
  54  4:58  Roach  
  55  5:02  Roach  
  55  5:04  Roach  
  59  5:08  Drone  
  59  5:10  Evolution Chamber  
  59  5:11  Roach  
  59  5:13  Roach  
  63  5:20  Roach  
  63  5:21  Roach  
  67  5:28  Glial Reconstitution  
  67  5:30  Overlord  
  67  5:31  Overlord  
  67  5:32  Overlord  
  67  5:34  Overseer, Drone  
  68  5:36  Overseer  
  68  5:43  Zerg Ground Armor Level 1  
  68  5:51  Drone x3  
  68  5:52  Drone x3  
  72  6:06  Roach x5  
  72  6:07  Roach  
  84  6:12  Roach  
  84  6:13  Roach  
  84  6:15  Roach  
  87  6:19  Roach  
  87  6:21  Roach  
  88  6:27  Roach  
  88  6:29  Roach x2  
  94  6:36  Roach  
  94  6:37  Roach  
  94  6:38  Overlord  
  94  6:39  Overlord  
  98  6:47  Extractor  
  98  6:51  Drone  
  98  6:56  Drone x2  
  98  6:57  Drone  
  98  6:58  Zerg Missile Weapons Level 2, Drone x2  
  98  7:00  Drone x2  
  105  7:03  Drone x3  
  105  7:05  Drone  
  105  7:06  Drone  
  105  7:08  Drone x2  
  104  7:09  Drone  
  104  7:12  Drone  
  94  7:16  Roach  
  94  7:19  Roach  
  94  7:20  Roach x2  
  94  7:23  Roach  
  94  7:26  Roach x2  
  94  7:29  Queen  
  94  7:31  Roach  
  94  7:34  Overlord  
  94  7:35  Extractor  
  94  7:36  Ravager  
  94  7:37  Ravager x2  
  97  7:40  Roach  
  97  7:42  Roach  
  104  7:44  Roach, Drone  
  104  7:49  Roach x2  
  109  7:51  Overlord  
  109  7:52  Roach  
  109  7:53  Roach  
  109  7:55  Roach  
  109  7:57  Roach  
  117  7:59  Overlord x2  
  117  8:01  Roach  
  117  8:04  Roach  
  121  8:06  Overlord  
  121  8:08  Overlord  
  121  8:14  Overlord  
  121  8:15  Overlord  
  121  8:18  Roach  
  121  8:19  Nydus Network  
  122  8:20  Roach  
  122  8:21  Roach  
  122  8:23  Roach  
  122  8:26  Overseer  
  128  8:28  Overseer  
  128  8:31  Drone x2  
  128  8:32  Roach, Drone x2  
  128  8:33  Roach  
  139  8:34  Roach, Extractor  
  139  8:38  Roach x2  
  143  8:43  Roach x3  
  143  8:45  Roach  
  143  8:46  Roach  
  143  8:48  Roach  
  155  8:52  Ravager x2  
  155  8:54  Roach, Overlord  
  155  8:55  Roach  
  161  8:57  Overlord  
  161  8:59  Overlord  
  161  9:01  Overlord  
  161  9:05  Overlord  
  161  9:09  Overseer  
  161  9:10  Nydus Network  
  161  9:12  Roach  
  161  9:13  Roach  
  161  9:15  Roach  
  166  9:18  Drone  
  166  9:20  Roach x2  
  166  9:21  Roach  
  166  9:23  Roach  
  175  9:26  Roach x2  
  175  9:30  Roach x2  
  181  9:35  Roach x2  
  181  9:36  Roach  
  176  9:41  Roach x2  
  176  9:42  Roach x2  
  176  9:44  Roach  
  173  9:47  Roach  
  173  9:51  Roach x2  
  153  9:56  Roach x3  
  161  10:00  Roach x2  
  161  10:01  Roach  
  161  10:03  Roach  
  161  10:06  Roach x2  
  167  10:10  Roach x2  
  167  10:12  Roach  
  167  10:14  Roach  
  175  10:16  Roach  
  175  10:18  Roach, Extractor  
  178  10:24  Roach  
  178  10:27  Nydus Canal  
  178  10:28  Roach x3  
  180  10:32  Roach  
  180  10:33  Roach  
  180  10:34  Roach  
  177  10:39  Roach x3  
  177  10:41  Roach  
  181  10:45  Nydus Canal  
  181  10:48  Roach x2  
  181  10:49  Overlord  
  185  10:52  Roach  
  185  10:53  Roach  
  185  10:56  Roach x2  
  193  10:59  Roach  
  193  11:01  Roach  
  169  11:05  Roach  
  169  11:06  Roach x2  
  169  11:09  Roach  
  169  11:10  Roach x2  
  147  11:17  Roach x2  
  123  11:19  Roach  
  123  11:24  Roach x3  
  118  11:26  Roach  
  118  11:31  Roach  
  118  11:32  Roach  
  107  11:37  Roach  
  110  11:40  Roach  
  110  11:42  Roach  
  110  11:46  Hatchery  
  111  11:48  Roach  
  111  11:50  Roach x2  
  111  11:53  Roach  
  119  11:56  Roach  
  119  11:58  Roach  
  119  12:01  Roach  
  125  12:03  Pneumatized Carapace  
  125  12:06  Roach  
  129  12:08  Roach  
  129  12:12  Overseer  
  129  12:14  Roach  
  131  12:16  Roach  
  131  12:18  Drone  
  131  12:19  Ravager  
  131  12:20  Ravager  
  138  12:23  Roach  
  138  12:27  Roach  
  138  12:28  Roach  
  142  12:31  Roach  
  142  12:35  Roach x2  
  148  12:37  Overseer  
  148  12:41  Roach x2  
  148  12:44  Roach  
  154  12:48  Ravager x2  
  154  12:49  Ravager  
  154  12:50  Overseer  
  157  12:54  Ravager  
  157  12:55  Roach x2  
  162  13:04  Roach  
  162  13:05  Roach x4  
  172  13:12  Roach x3  
  178  13:15  Roach  
  178  13:19  Ravager x2  
  182  13:22  Roach x2  
  182  13:26  Roach x2  
  190  13:35  Roach x2  
  174  13:44  Roach  
  174  13:45  Roach x6  
  174  13:48  Roach  
  175  13:51  Roach  
  175  13:53  Roach  
  179  13:56  Roach  
  179  13:59  Roach  
  179  14:00  Ravager  
  179  14:01  Ravager  
  185  14:04  Roach  
  185  14:05  Roach  
  185  14:07  Roach  
  191  14:11  Roach  
  191  14:15  Nydus Canal  
  190  14:18  Roach x2  
  190  14:22  Roach x2  
  190  14:24  Roach  
  200  14:30  Roach  
  200  14:37  Roach x3  
  179  14:41  Roach x2  
  179  14:42  Roach  
  179  14:43  Roach  
  150  14:47  Roach  
  150  14:49  Roach  
  150  14:51  Roach  
  129  14:54  Roach  
  129  14:55  Nydus Canal  
  129  14:59  Roach  
  121  15:04  Roach x2  
  121  15:06  Roach  
  107  15:08  Roach  
  107  15:11  Roach  
  107  15:13  Roach  
  105  15:20  Roach x2  
  102  15:21  Roach  
  102  15:25  Roach  
  102  15:29  Roach x2  
  102  15:33  Nydus Canal  
  102  15:35  Roach  
  110  15:47  Nydus Canal  
Show
View Real Time Build Order
Export as new Build Order

Solar Zerg 

Build Orders: Hatch First 

Get SALT Encoding   

  12  0:01  Drone  
  13  0:12  Overlord  
  13  0:17  Drone  
  14  0:31  Drone x2  
  16  0:49  Hatchery  
  15  0:52  Drone  
  15  0:55  Drone  
  17  1:09  Spawning Pool  
  17  1:11  Extractor  
  15  1:14  Drone  
  15  1:17  Drone  
  17  1:20  Drone  
  18  1:27  Drone  
  19  1:56  Zergling x4  
  19  2:00  Zergling x2  
  19  2:01  Queen x2  
  22  2:02  Zergling x2  
  27  2:12  Zergling x2  
  26  2:24  Drone  
  26  2:25  Drone  
  26  2:35  Drone  
  25  2:45  Metabolic Boost  
  25  2:50  Overlord  
  25  2:52  Drone  
  25  2:57  Drone  
  28  2:58  Drone  
  28  3:10  Drone x2  
  29  3:13  Drone x2  
  29  3:17  Drone  
  29  3:19  Drone  
  33  3:21  Drone  
  33  3:24  Drone  
  34  3:29  Drone  
  35  3:41  Hatchery  
  33  3:42  Drone  
  33  3:44  Zergling x2  
  33  3:46  Zergling x2  
  36  3:50  Overlord  
  36  3:54  Evolution Chamber  
  36  3:55  Drone  
  36  3:58  Overlord  
  36  4:09  Drone x2  
  38  4:10  Drone  
  38  4:12  Drone x2  
  38  4:13  Drone x2  
  43  4:17  Queen  
  43  4:21  Zerg Missile Weapons Level 1  
  43  4:22  Drone  
  46  4:30  Roach Warren  
  45  4:31  Extractor, Drone  
  45  4:34  Drone  
  45  4:38  Drone  
  46  4:39  Zergling x6  
  46  4:43  Drone  
  50  4:46  Overlord  
  50  4:49  Overlord  
  50  4:51  Zergling x4  
  51  4:53  Zergling x2  
  51  4:59  Drone  
  53  5:01  Drone  
  53  5:02  Overlord  
  53  5:04  Zergling x2  
  53  5:05  Drone  
  56  5:07  Overlord  
  56  5:13  Lair  
  56  5:16  Roach x2  
  56  5:17  Roach  
  56  5:19  Extractor  
  61  5:23  Roach  
  61  5:24  Roach  
  61  5:26  Roach  
  65  5:29  Drone x2  
  65  5:30  Drone  
  65  5:33  Drone x2  
  65  5:35  Drone x2  
  72  5:38  Roach  
  72  5:41  Roach  
  76  5:43  Roach  
  76  5:45  Drone  
  76  5:48  Extractor, Overlord  
  78  5:51  Roach  
  78  5:53  Roach  
  82  5:58  Drone x2  
  82  6:02  Drone  
  82  6:03  Overlord  
  85  6:05  Drone x4  
  85  6:07  Drone  
  85  6:08  Drone  
  85  6:10  Drone  
  92  6:12  Drone  
  92  6:13  Drone  
  92  6:15  Roach  
  94  6:19  Roach x2  
  95  6:26  Extractor, Glial Reconstitution  
  95  6:28  Roach  
  95  6:30  Overseer  
  95  6:32  Overlord  
  96  6:34  Roach  
  96  6:36  Overlord  
  96  6:39  Overlord  
  98  6:43  Overlord  
  98  6:48  Zerg Missile Weapons Level 2, Overlord  
  98  6:52  Roach  
  98  6:53  Roach x3  
  106  6:55  Roach x3  
  106  6:57  Overlord  
  112  7:03  Roach x2  
  112  7:05  Roach x2  
  112  7:07  Roach  
  112  7:09  Roach  
  112  7:10  Roach  
  112  7:12  Roach  
  112  7:15  Roach  
  106  7:17  Roach  
  106  7:19  Roach  
  106  7:20  Overseer  
  106  7:21  Roach  
  103  7:24  Roach  
  104  7:30  Ravager  
  104  7:31  Ravager  
  104  7:32  Drone x5  
  104  7:36  Queen  
  112  7:40  Queen  
  112  7:42  Ravager x2  
  116  7:48  Overseer, Drone x5  
  116  7:49  Drone  
  122  7:55  Tunneling Claws  
  122  7:58  Roach x2, Burrow  
  126  8:01  Overlord  
  126  8:03  Roach  
  128  8:07  Roach  
  128  8:08  Ravager  
  128  8:10  Overlord  
  131  8:14  Roach x2  
  131  8:15  Roach x2  
  139  8:25  Roach x2  
  143  8:27  Roach  
  143  8:34  Roach x3  
  151  8:36  Hatchery  
  151  8:41  Overlord  
  150  8:44  Roach x2  
  150  8:47  Roach x3  
  150  8:48  Roach, Overlord  
  162  8:53  Overlord  
  162  8:59  Overlord  
  162  9:00  Roach x2  
  166  9:07  Roach x4  
  166  9:08  Roach  
  176  9:15  Ravager  
  176  9:16  Ravager, Overlord  
  178  9:19  Roach x5  
  188  9:27  Roach x3  
  188  9:28  Roach x2  
  188  9:31  Nydus Network  
  187  9:34  Roach x2  
  187  9:36  Roach x2  
  187  9:37  Roach x2  
  193  9:39  Roach x2  
  193  9:43  Roach x4  
  193  9:45  Roach x2  
  179  9:47  Roach  
  179  9:48  Roach  
  179  9:50  Roach  
  162  9:54  Queen  
  162  9:57  Roach x29  
  162  9:59  Ravager  
  171  10:01  Roach  
  171  10:06  Roach x5  
  183  10:09  Roach x3  
  183  10:10  Roach  
  183  10:12  Extractor  
  182  10:15  Roach x2  
  182  10:16  Roach  
  182  10:17  Nydus Canal  
  182  10:19  Roach  
  190  10:22  Roach x2  
  190  10:24  Roach  
  190  10:25  Roach  
  190  10:26  Roach  
  198  10:29  Roach  
  198  10:35  Nydus Canal  
  190  10:36  Roach x2  
  190  10:37  Roach  
  190  10:39  Roach  
  196  10:49  Roach x2  
  198  10:51  Roach  
  198  10:52  Roach x3  
  198  10:56  Roach  
  200  10:57  Roach  
  200  11:04  Roach x5  
  175  11:06  Roach x3  
  175  11:09  Roach x3  
  175  11:10  Roach  
  148  11:12  Roach  
  148  11:17  Roach  
  148  11:18  Roach  
  134  11:22  Roach  
  118  11:27  Roach  
  118  11:32  Roach  
  104  11:34  Roach x2  
  104  11:35  Roach  
  102  11:41  Roach  
  102  11:42  Roach  
  102  11:45  Roach x2  
  102  11:46  Roach  
  112  11:47  Extractor  
  112  11:48  Roach  
  112  11:49  Roach  
  112  11:52  Roach  
  112  11:53  Roach  
  119  11:56  Roach  
  119  12:00  Roach x3  
  119  12:06  Roach x2  
  123  12:10  Roach x3  
  123  12:12  Roach  
  131  12:17  Roach x3  
  131  12:21  Roach x3  
  143  12:23  Roach  
  143  12:28  Roach  
  143  12:29  Roach x2  
  151  12:31  Roach  
  151  12:33  Ravager  
  151  12:35  Roach  
  156  12:38  Roach  
  156  12:40  Roach  
  156  12:41  Roach  
  164  12:44  Roach  
  164  12:46  Roach  
  164  12:50  Roach  
  168  12:54  Roach x2  
  168  12:56  Roach  
  174  12:59  Roach  
  174  13:02  Roach x5  
  178  13:07  Ravager x3  
  178  13:08  Roach x2  
  178  13:10  Roach x2  
  189  13:12  Roach  
  189  13:13  Roach  
  189  13:17  Roach  
  189  13:19  Roach  
  195  13:20  Roach x2  
  195  13:25  Roach  
  195  13:26  Roach x2, Overlord  
  195  13:27  Roach x2  
  195  13:28  Overlord  
  193  13:41  Roach x6  
  177  13:44  Roach  
  177  13:47  Roach  
  161  13:49  Roach  
  161  13:50  Roach x6  
  161  13:52  Roach x2  
  167  13:56  Ravager  
  167  13:57  Ravager  
  167  13:58  Ravager  
  167  13:59  Roach, Ravager  
  167  14:02  Roach, Overseer  
  175  14:05  Overseer  
  175  14:11  Roach x2  
  175  14:13  Roach  
  175  14:15  Roach  
  171  14:19  Pneumatized Carapace  
  171  14:20  Ravager  
  171  14:23  Roach  
  174  14:24  Roach  
  174  14:27  Roach  
  174  14:30  Roach  
  180  14:34  Roach x2  
  180  14:36  Roach  
  166  14:39  Roach  
  166  14:41  Roach  
  166  14:43  Roach  
  141  14:48  Roach x2  
  118  14:52  Roach  
  118  14:54  Roach  
  118  14:57  Roach  
  106  15:00  Roach  
  106  15:05  Roach  
  94  15:07  Roach  
  94  15:10  Roach  
  92  15:16  Roach x2  
  92  15:20  Roach  
  82  15:23  Roach  
  82  15:27  Roach  
  84  15:30  Ravager x3  
  84  15:33  Roach  

Tags
 
Add a new tag
Caveats
  • Supply blocks, unpowered buildings, or Contaminate may cause inaccurate times.
  • Supply counts are checked every 10 seconds.